 Dungeon Crawl Stone Soup version 0.17-a0-2127-g1cb09f6 (webtiles) character file.

162 kosy22 the Bolt Thrower (level 5, -1/48 HPs)
             Began as a Troll Hunter on Oct 23, 2015.
             Slain by a worker ant (7 damage)
             ... on level 2 of the Dungeon.
             The game lasted 00:12:21 (2721 turns).

kosy22 the Bolt Thrower (Troll Hunter)              Turns: 2721, Time: 00:12:21

Health: -1/48      AC:  6    Str: 20      XL:     5   Next: 19%
Magic:  4/4        EV: 10    Int:  9 (12) God:
Gold:   198        SH:  0    Dex: 11      Spells: 0 memorised, 4 levels left

rFire  . . .     SeeInvis .     c - +0 short sword
rCold  . . .     Clarity  .     d - +1 robe
rNeg   . . .     SustAt   .     (no shield)
rPois  .         Gourm    +     (helmet restricted)
rElec  .         Spirit   .     (no cloak)
rCorr  .         Warding  .     (gloves unavailable)
rMut   .         Stasis   .     (boots unavailable)
MR     .....                    (no amulet)
Stlth  +.........               (no ring)
                                (no ring)

@: brilliant, lethally poisoned (-1 -> -1), not resistant to hostile
enchantments, very unstealthy
A: unfitting armour, claws 3, fast metabolism 3, gourmand, regeneration 2,
shaggy fur 1, tough skin 2
a: no special abilities


You were on level 2 of the Dungeon.
You were full.

You visited 1 branch of the dungeon, and saw 3 of its levels.

You collected 198 gold pieces.

Inventory:

Hand Weapons
 a - a +2 hand crossbow
 c - a +0 short sword (weapon)
Missiles
 l - 172 stones (quivered)
 n - 10 arrows
 q - 39 sling bullets
Armour
 d - a +1 robe (worn)
Jewellery
 u - an uncursed ring of stealth {unknown}
 x - an uncursed ring of see invisible {unknown}
Scrolls
 h - 5 scrolls of identify
 o - 2 scrolls of remove curse
Comestibles
 e - a bread ration


   Skills:
 + Level 1.6 Fighting
 + Level 3.9 Crossbows
 + Level 0.6 Throwing
 + Level 2.6 Dodging
 + Level 0.4 Stealth


You had 4 spell levels left.
You didn't know any spells.

Dungeon Overview and Level Annotations

Branches:
Dungeon (3/15)

Altars:
Dithmenos
Kikubaaqudgha
Trog
Xom


Innate Abilities, Weirdness & Mutations

You are too large for most types of armour.
You have claws for hands.
Your metabolism is lightning-fast.
You like to eat raw meat.
You heal very quickly.
You are covered in fur (AC +1).
You have very tough skin (AC +2).


Message History

You feel sick. The worker ant bites you.
* * * LOW HITPOINT WARNING * * *
You feel sick.
You feel sick.
You feel sick. The worker ant barely misses you.
You feel sick.
The worker ant waves its antennae.
You feel sick. The worker ant completely misses you.
c - a +0 short sword (weapon)
You feel sick.
You hit the worker ant but do no damage.
The worker ant bites you but does no damage.
The worker ant bites you.
* * * LOW HITPOINT WARNING * * *
Drink which item? (? for menu, Esc to quit)
You feel clever all of a sudden. The worker ant bites you!
You die...

.......#........# #........#
######....####..########........#
#..........................#
#...#......................#
#.......##.................#
#.....#.##.................#
#######.##.........#####...#
#.......##.........# #...#
#.#...####.@g......# #...#
#.#.#.# ##.a.##########...#
#.#.#.# #.#.####..........
#.#.#.#####.#...##..###≈###.
#.#.#.......###.....#.#≈#.#.
#.#.#.........#...###.#≈#.##
###.#.#.#.......#.#.....#≈#...
#...#.#)#.......#...###.#≈#.##
#.###.........#.##....#.#≈#.#.


You could see a worker ant and a hobgoblin.

Vanquished Creatures
  Jessica (D:3)
  A hound skeleton (D:3)
  8 adders
  An orc (D:3)
  2 giant cockroaches
  7 hobgoblins
  4 jackals (D:3)
  2 ball pythons (D:3)
  5 bats
  4 giant geckos
  3 giant newts
  7 goblins
  2 kobolds (D:1)
  7 rats
54 creatures vanquished.

Notes
Turn   | Place    | Note
--------------------------------------------------------------
     0 | D:1      | kosy22 the Troll Hunter began the quest for the Orb.
     0 | D:1      | Reached XP level 1. HP: 19/19 MP: 0/0
   460 | D:1      | Reached XP level 2. HP: 25/27 MP: 1/1
   465 | D:1      | Reached skill level 3 in Crossbows
  1065 | D:2      | Reached XP level 3. HP: 31/33 MP: 2/2
  1792 | D:3      | Reached XP level 4. HP: 41/41 MP: 3/3
  2225 | D:3      | Found a shimmering altar of Xom.
  2226 | D:3      | Found an ancient bone altar of Kikubaaqudgha.
  2226 | D:3      | Found a bloodstained altar of Trog.
  2232 | D:3      | Found a shadowy altar of Dithmenos.
  2280 | D:3      | Noticed Jessica
  2297 | D:3      | Killed Jessica
  2297 | D:3      | Reached XP level 5. HP: 48/48 MP: 4/4
  2721 | D:2      | Slain by a worker ant

Vault maps used:
D:1:      eino_arrival_tree_alley
D:2:      first_bread, grunt_decor_cap
D:3:      minitemple, uniq_jessica

Action                   |  1- 3 |  4- 6 || total
-------------------------+-------+-------++-------
Melee: Short sword       |       |     1 ||     1
 Fire: Hand crossbow     |    98 |    52 ||   150
Throw: Stone             |       |    60 ||    60
  Use: Scroll            |     1 |     6 ||     7
       Potion            |       |     5 ||     5
  Eat: Bread ration      |     3 |       ||     3
       Fruit             |       |     8 ||     8
       Meat ration       |       |     1 ||     1
       Beef jerky        |       |     1 ||     1
